 Dungeon Crawl Stone Soup version 0.30-a0-570-g486de37d69 (webtiles) character file.

Game seed: 7471677361871758705

1899 tilp the Slasher (level 9, -2/75 HPs)
             Began as a Meteoran Fighter on Dec 29, 2022.
             Slain by an ogre
             ... wielding a +0 giant spiked club
              (8 damage)
             ... on level 6 of the Dungeon.
             The game lasted 00:09:17 (2002 turns).

tilp the Slasher (Meteoran Fighter)                 Turns: 2002, Time: 00:09:17

Health: -2/75      AC: 12    Str: 24    XL:     9   Next: 64%
Magic:  10/10      EV: 11    Int: 11    God:
Gold:   200        SH:  5    Dex: 17    Spells: 8/8 levels left

rFire   . . .      SeeInvis .    a - +2 scimitar
rCold   . . .      Faith    .    c - +0 buckler
rNeg    . . .      Spirit   .    m - +0 chain mail
rPois   .          Reflect  .    q - +0 helmet
rElec   .          Harm     .    (no cloak)
rCorr   .          Rampage  .    (no gloves)
Will    +....                    g - +0 pair of boots Stlth
                                 D - amulet of the acrobat
HPRegen 0.32/turn                x - +6 ring of strength
MPRegen 0.12/turn                (no ring)

@: on berserk cooldown, glowing
A: sense surroundings 2, otherworldly, glowing, explore regen
a: no special abilities


You were on level 6 of the Dungeon.
You visited 2 branches of the dungeon, and saw 7 of its levels.

You collected 200 gold pieces.

Inventory:

Hand Weapons
 a - a +2 scimitar (weapon)
 b - a +0 long sword
 v - a +1 falchion of holy wrath
 E - a +1 dagger of freezing
 F - a +2 great sword of freezing
Missiles
 r - 2 curare-tipped darts
 s - a throwing net
 y - 6 poisoned darts (quivered)
 B - a boomerang
Armour
 c - a +0 buckler (worn)
 g - a +0 pair of boots (worn)
 m - a +0 chain mail (worn)
 q - a +0 helmet (worn)
 t - a +0 scale mail
Jewellery
 x - a +6 ring of strength (left hand)
 D - an amulet of the acrobat (around neck)
Wands
 w - a wand of mindburst (6)
Scrolls
 d - a scroll of immolation {unknown}
 e - a scroll of enchant armour {unknown}
 f - 2 scrolls of fear {unknown}
 k - 3 scrolls of poison {unknown}
 l - 3 scrolls of identify {unknown}
 o - 2 scrolls of teleportation {unknown}
 p - a scroll of amnesia {unknown}
 C - a scroll of noise {unknown}
Potions
 h - a potion of cancellation {unknown}
 i - a potion of curing {unknown}
 j - 4 potions of brilliance
 n - a potion of attraction
 u - a potion of might
 z - a potion of degeneration {unknown}
 A - a potion of flight {unknown}


   Skills:
 - Level 6.0 Fighting
 + Level 7.1 Long Blades
 - Level 2.0 Throwing
 - Level 6.0 Armour
 + Level 7.0 Dodging
 - Level 4.0 Stealth
 - Level 4.0 Shields


You had 8 spell levels left.
You didn't know any spells.
Your spell library was empty.

Dungeon Overview and Level Annotations

Branches:
Dungeon (6/15) Zot: 1528   Temple (1/1) D:4 Zot: 598

Altars:
Cheibriados
Fedhas
Gozag
Kikubaaqudgha
Qazlal
Ru
Sif Muna
Trog
Uskayaw
Vehumet
Wu Jian
Xom
Yredelemnul
Zin
The Shining One

Annotations:
D:6 dowan/duvessa!, Dowan, Menkaure


Innate Abilities, Weirdness & Mutations

You passively map the area around you.
You are easily found by Zot.
You glow in the dark.
You regain HP and MP as you explore.


Message History

You feel a little less clever now. The ogre closely misses you.
Menkaure calls on the powers of darkness!
The ogre convulses!
The black bear convulses!
Your body is wracked with pain!
* * * LOW HITPOINT WARNING * * *
Menkaure calls on the powers of darkness!
The black bear convulses!
The ogre convulses!
Your body is wracked with pain!
* * * LOW HITPOINT WARNING * * *
The ogre misses you.
You hit the ogre.
The ogre is severely wounded.
You feel yourself speed up. The ogre barely misses you.
You block the black bear's attack.
The black bear claws you but does no damage.
The black bear claws you.
* * * LOW HITPOINT WARNING * * *
You hit the ogre but do no damage.
The ogre is severely wounded.
The black bear barely misses you.
The black bear claws you but does no damage. x2
You completely miss the ogre.
The ogre is severely wounded.
The ogre misses you.
Menkaure whispers drily.
The black bear bites you but does no damage.
The black bear claws you but does no damage. x2
You closely miss the ogre.
The ogre is severely wounded.
Menkaure casts a spell.
Menkaure seems to speed up.
The ogre barely misses you. You block the black bear's attack.
The black bear claws you but does no damage.
The black bear barely misses you.
You hit the ogre.
The ogre is almost dead.
The black bear bites you.
* * * LOW HITPOINT WARNING * * *
The black bear claws you but does no damage. x2
The ogre hits you with a +0 giant spiked club!
You die...

......., ..######......),
* ..##... ,#.............
, ..+, .. #.............
,
..#########.....!!......
,*
....[#..................,
,,
....................>..#
* *
##...#..........M#......
*
##...#.........hO#......
, , ,* #...............@#
....., ,
.................+ ?....
,, ,
.................#,,....
.......###.......#**.#.#
, .......).#.......#,,, ,
* .....)[#)#...###.#, , ,
, .............# #.#
.............# ..# , *
.............#, ,


You could see a black bear, an ogre and Menkaure (fast).

Vanquished Creatures
  Pikel (D:4)
  A water moccasin (D:5)
  Duvessa (D:6)
  A centaur (D:4)
  A phantom (D:6)
  A bullfrog (D:6)
  5 necrophages
  2 scorpions (D:5)
  5 wights (D:6)
  A howler monkey (D:3)
  A jelly (D:4)
  4 hounds (D:5)
  4 orc wizards
  2 adders
  A shadow imp (D:5)
  A white imp (D:5)
  An ufetubus (D:6)
  A worm (D:5)
  A dart slug (D:2)
  14 orcs
  2 giant cockroaches
  A hobgoblin (D:1)
  3 jackals (D:4)
  2 quokkas
  A ball python (D:4)
  A bat (D:2)
  A frilled lizard (D:1)
  2 kobolds (D:2)
  A rat (D:3)
63 creatures vanquished.

Notes
Turn   | Place    | Note
-------+----------+-------------------------------------------
     0 | D:1      | tilp the Meteoran Fighter began the quest for the Orb.
     0 | D:1      | Reached XP level 1. HP: 19/19 MP: 2/2
    67 | D:1      | Found a faded altar of an unknown god.
   146 | D:2      | Reached XP level 2. HP: 26/26 MP: 3/3
   302 | D:3      | Reached skill level 1 in Dodging
   388 | D:3      | Reached XP level 3. HP: 29/31 MP: 4/4
   394 | D:3      | Reached XP level 4. HP: 24/38 MP: 5/5
   416 | D:3      | Reached skill level 1 in Stealth
   416 | D:3      | Reached XP level 5. HP: 31/46 MP: 6/6
   460 | D:5      | Entered Level 5 of the Dungeon
   489 | D:6      | Noticed Dowan
   494 | D:6      | Noticed Duvessa
   498 | D:6      | Noticed a black bear
   550 | D:4      | Noticed Pikel
   550 | D:4      | Noticed a lemure
   550 | D:4      | Noticed a lemure
   550 | D:4      | Noticed a lemure
   550 | D:4      | Noticed a lemure
   560 | D:4      | Killed Pikel
   561 | D:4      | Reached skill level 1 in Throwing
   561 | D:4      | Reached XP level 6. HP: 33/53 MP: 7/7
   561 | D:4      | Reached XP level 7. HP: 37/60 MP: 8/8
   566 | D:4      | Found a staircase to the Ecumenical Temple.
   576 | Temple   | Entered the Ecumenical Temple
   679 | D:4      | Reached XP level 8. HP: 54/67 MP: 9/9
  1269 | D:4      | Reached skill level 5 in Long Blades
  1320 | D:5      | Reached skill level 5 in Fighting
  1320 | D:5      | Reached skill level 5 in Armour
  1320 | D:5      | Reached skill level 5 in Dodging
  1612 | D:5      | Gained mutation: You passively map the area around you.
                  | [Meteoran growth]
  1612 | D:5      | Reached XP level 9. HP: 30/74 MP: 10/10
  1915 | D:6      | Killed Duvessa
  1969 | D:6      | HP: 3/108 [wight/+0 hand axe (8)]
  1993 | D:6      | Noticed Menkaure
  2002 | D:6      | Slain by an ogre

Illustrated notes

Levels and vault maps discovered:
D:1:      minmay_arrival_glassed_features, layout_loops_ring,
          ebering_ecumenical_altar_hall, serial_shops, shop
D:2:      layout_basic, basic_altar, uniq_sigmund
D:3:      layout_basic, serial_glass, glass_columns_a, glass_columns_c
D:4:      layout_gridville, minmay_temple_entry_statues_fountains,
          kennysheep_generic_room_10, uniq_pikel
D:5:      layout_basic, kennysheep_generic_room_2
D:6:      layout_basic, gammafunk_ghost_icy, chequers_garden, uniq_menkaure,
          uniq_blork_the_orc, uniq_duvessa
Temple:   minmay_freezing_vapour_temple

Skill      XL: |  1  2  3  4  5  6  7  8  9 |
---------------+----------------------------+-----
Dodging        | 1 2 4 5 7 |  7.0
Long Blades    | 3 4 5 7 |  7.1
Armour         | 4 5 6 |  6.0
Stealth        | 1 2 3 4 |  4.0
Shields        | 4 |  4.0
Fighting       | 4 5 6 |  6.0
Throwing       | 1 2 |  2.0

Action                   |  1- 3 |  4- 6 |  7- 9 || total
-------------------------+-------+-------+-------++-------
Melee: Long sword        |    31 |    35 |     2 ||    68
       Scimitar          |       |       |   232 ||   232
  Use: Potion            |       |     1 |     4 ||     5
Armor: Scale mail        |    12 |       |       ||    12
       Chain mail        |     3 |    15 |   127 ||   145
Dodge: Dodged            |    11 |     7 |   101 ||   119
Block: Buckler           |     7 |     6 |    66 ||    79

Table legend: (Time is in decaauts)
 A = Elapsed time spent in this place.
 B = Non-inter-level travel time spent in this place.
 C = Inter-level travel time spent in this place.
 D = Time resting spent in this place.
 E = Time spent auto-exploring this place.
 F = Levels seen in this place.
 G = Mean time per level.
                   A        B        C        D        E       F      G
               +--------+--------+--------+--------+--------+-----+--------+
         Total |   2071 |   1745 |    326 |      0 |     20 |   7 |  295.9 |
       Dungeon |   2070 |   1744 |    326 |      0 |     20 |   6 |  345.0 |
        Temple |      1 |      1 |      0 |      0 |      0 |   1 |    1.0 |
               +--------+--------+--------+--------+--------+-----+--------+

Top non-repeatable levels by time:
     D:4: 713 daAuts
     D:5: 637 daAuts
     D:3: 354 daAuts
     D:6: 184 daAuts
     D:2: 125 daAuts
     D:1: 55 daAuts
  Temple: 1 daAuts
